 Dungeon Crawl Stone Soup version 0.32-a0-928-g1cae6b7ea0 (webtiles) character file.

Game seed: 4362345192468032597

183 Doorstop00 the Cudgeller (level 5, -2/33 HPs)
             Began as a Gargoyle Fighter on Apr 12, 2024.
             Incinerated by a bombardier beetle (4 damage)
             ... with a burning spray
             ... on level 3 of the Dungeon.
             The game lasted 00:08:15 (2577 turns).

Doorstop00 the Cudgeller (Gargoyle Fighter)         Turns: 2577, Time: 00:08:15

Health: -2/33      AC: 13    Str: 22    XL:     5   Next: 62%
Magic:  5/5        EV:  8    Int:  8    God:
Gold:   135        SH:  4    Dex:  9    Spells: 4/4 levels left

rFire   . . .        a - +0 flail
rCold   . . .        c - +0 buckler
rNeg    + . .        b - +0 scale mail
rPois   ∞            (no helmet)
rElec   +            (no cloak)
rCorr   .            k - +1 pair of gloves
SInv    .            (no boots)
Will    .....        (no amulet) Stlth
                     (no ring)
HPRegen 0.25/turn    (no ring)
MPRegen 0.09/turn

%: no passive effects
@: on fire, glowing
A: sickness immunity, AC +4, negative energy resistance 1, electricity
resistance, torment resistance 1, petrification resistance
a: no special abilities


You were on level 3 of the Dungeon.
You visited 1 branch of the dungeon, and saw 4 of its levels.

You collected 135 gold pieces.

Inventory:

Hand Weapons
 a - a +0 flail (weapon)
Armour
 b - a +0 scale mail (worn)
 c - a +0 buckler (worn)
 k - a +1 pair of gloves (worn)
Jewellery
 g - a ring of wizardry
Wands
 m - a wand of flame (21)
Scrolls
 h - a scroll of fear {unknown}
 l - a scroll of vulnerability {unknown}
 n - a scroll of acquirement {unknown}
Potions
 d - a potion of might
 e - 2 potions of curing
 f - a potion of cancellation {unknown}
 i - 2 potions of enlightenment
 j - a potion of haste {unknown}


   Skills:
 * Level 3.8 Fighting
 * Level 4.2 Maces & Flails
 * Level 4.1 Armour
 * Level 1.0 Dodging
 * Level 3.8 Shields


You had 4 spell levels left.
You didn't know any spells.
Your spell library contained the following spells:

 Spells                   Type           Power      Damage    Failure   Level
 Summon Small Mammal      Summ           0%         N/A       80%         1
 Call Canine Familiar     Summ           0%         N/A       99%         3
 Summon Blazeheart Golem  Fire/Summ      0%         N/A       100%        4


Dungeon Overview and Level Annotations

Branches:
Dungeon (4/15)             Temple (0/1) D:4

Altars:
Ashenzari
Uskayaw


Innate Abilities, Weirdness & Mutations

You are immune to sickness and miasma.
Your stone body is resilient. (AC +4)
You are immune to poison.
You resist negative energy. (rN+)
You are resistant to electric shocks. (rElec)
You are resistant to unholy torment.
You are immune to petrification.


Message History

The giant cockroach bites you but does no damage.
The jackal bites you but does no damage.
You shake off some of the fire as you move.
You climb upwards.
The liquid fire burns you!
There is a stone staircase leading down here.
You are too injured to fight recklessly!
You are too injured to fight recklessly!
You are too injured to fight recklessly!
You are too injured to fight recklessly!
You barely miss the giant cockroach. The liquid fire burns you!
* * * LOW HITPOINT WARNING * * *
You block the giant cockroach's attack.
The jackal bites you but does no damage.
The giant cockroach bites you but does no damage.
You closely miss the giant cockroach. The liquid fire burns you!
* * * LOW HITPOINT WARNING * * *
The jackal bites you but does no damage.
You block the giant cockroach's attack.
The jackal bites you but does no damage.
You feel better. The liquid fire burns you!
The jackal bites you but does no damage.
You block the giant cockroach's attack. The jackal completely misses you.
You hit the giant cockroach.
You kill the giant cockroach!
The liquid fire burns you!
* * * LOW HITPOINT WARNING * * *
The jackal bites you but does no damage.
You shake off some of the fire as you move.
The liquid fire burns you!
* * * LOW HITPOINT WARNING * * *
The jackal bites you but does no damage. x2
You see here a giant cockroach corpse.
You hit the jackal.
The jackal is almost dead.
The liquid fire burns you!
You die...

..## ##.....## #.###.##.#
#### <## ##.(.##
#........# #... .# ##'##
#####.#### #.## .# #.#
#.# #.# .# #.# #.# #.# .#
##.######## #.# #.# .#
##...##....# #(# #.## .#
##.....#....###.# #... .#
#.....#>@.......# ####
.########....##.h...#####
............###.....#
##########.........##
###########


You could see a jackal.

Vanquished Creatures
  A howler monkey (D:2)
  An orc priest (D:4)
  Ijyb (D:3)
  3 adders (D:2)
  2 dart slugs
  A ribbon worm (D:3)
  3 ball pythons
  2 bats
  4 endoplasms
  2 giant cockroaches
  7 goblins
  8 hobgoblins
  6 kobolds
  2 quokkas (D:3)
  5 frilled lizards
  7 rats
55 creatures vanquished.

Notes
Turn   | Place    | Note
-------+----------+-------------------------------------------
     0 | D:1      | Doorstop00 the Gargoyle Fighter began the quest for the
                  | Orb.
     0 | D:1      | Reached XP level 1. HP: 14/14 MP: 1/1
    90 | D:1      | Reached XP level 2. HP: 19/19 MP: 2/2
   618 | D:2      | Found a faded altar of an unknown god.
   670 | D:2      | Reached XP level 3. HP: 22/23 MP: 3/3
  1013 | D:2      | You fall into a shaft and drop 2 floors!
  1016 | D:4      | Found a staircase to the Ecumenical Temple.
  1025 | D:4      | Reached XP level 4. HP: 7/29 MP: 4/4
  1521 | D:2      | Reached XP level 5. HP: 31/33 MP: 5/5
  1975 | D:3      | Found a hide-covered altar of Uskayaw.
  2138 | D:3      | Found a broken altar of Ashenzari.
  2173 | D:3      | Noticed Ijyb
  2181 | D:3      | Killed Ijyb
  2182 | D:3      | Reached skill level 1 in Dodging
  2577 | D:3      | Incinerated by a bombardier beetle

Illustrated notes

Levels and vault maps discovered:
D:1:      dpeg_arrival_pond, layout_rooms
D:2:      layout_basic, shapermc_ecumenical_altar_gd, item_on_display_a
D:3:      layout_loops_corners, mainiacjoe_overflow_concentric_impassable,
          marbit_many_paths, uniq_ijyb
D:4:      layout_cave_pools, minmay_temple_entry_arrows

Skill      XL: |  1  2  3  4  5 |
---------------+----------------+-----
Maces & Flails | 3 4 |  4.2
Armour         | 4 |  4.1
Dodging        | 1 |  1.0
Fighting       | |  3.8
Shields        | |  3.8

Action                     |  1- 3 |  4- 6 || total
---------------------------+-------+-------++-------
  Melee: Flail             |   123 |    82 ||   205
    Use: Scroll            |     2 |     2 ||     4
         Potion            |       |     1 ||     1
 Armour: Scale mail        |   103 |    69 ||   172
  Dodge: Dodged            |    44 |    26 ||    70
  Block: Buckler           |    23 |    14 ||    37

Table legend: (Time is in decaauts)
 A = Elapsed time spent in this place.
 B = Non-inter-level travel time spent in this place.
 C = Inter-level travel time spent in this place.
 D = Time resting spent in this place.
 E = Time spent auto-exploring this place.
 F = Levels seen in this place.
 G = Mean time per level.
                   A        B        C        D        E       F      G
               +--------+--------+--------+--------+--------+-----+--------+
         Total |   2635 |   2521 |    114 |    175 |   1835 |   4 |  658.8 |
       Dungeon |   2635 |   2521 |    114 |    175 |   1835 |   4 |  658.8 |
               +--------+--------+--------+--------+--------+-----+--------+

Top non-repeatable levels by time:
     D:2: 1018 daAuts
     D:3: 997 daAuts
     D:1: 599 daAuts
     D:4: 20 daAuts
